 Dungeon Crawl Stone Soup version 0.30-a0-358-g0d69a1922f (webtiles) character file.

Game seed: 8216816251017297157

65 koil the Sneak (level 3, -1/39 HPs)
             Began as a Vampire Enchanter on Nov 10, 2022.
             Succumbed to Ijyb's poison
             ... on level 3 of the Dungeon.
             The game lasted 00:05:51 (2116 turns).

koil the Sneak (Vampire Enchanter)                  Turns: 2116, Time: 00:05:51

Health: -1/39      AC: 21    Str:  7    XL:     3   Next: 94%
Magic:  2/6        EV:  2    Int: 19    God:
Gold:   113        SH:  0    Dex: 14    Spells: 1/6 levels left

rFire   . . .      SeeInvis +    a - +1 dagger
rCold   . . .      Faith    .    (no shield)
rNeg    . . .      Spirit   +    (body armour currently unavailable)
rPois   +          Reflect  .    (helmet currently unavailable)
rElec   .          Harm     .    (cloak currently unavailable)
rCorr   .          Rampage  .    (gloves currently unavailable)
Will    +....      NoTele   +    (boots currently unavailable)
Stlth   +++.......               n - amulet of guardian spirit
HPRegen 0.46/turn                h - ring of willpower
MPRegen 0.10/turn                q - +4 ring of slaying

@: lethally poisoned (-1 -> -16), confusing by touch, tree-form, healing quickly
A: stationary, stasis, torment immunity, boosted hp, alive, (fangs 3), see
invisible, vampiric 2
a: Exsanguinate


You were on level 3 of the Dungeon.
You were a tree.
You visited 1 branch of the dungeon, and saw 3 of its levels.

You collected 113 gold pieces.

Inventory:

Hand Weapons
 a - a +1 dagger (weapon)
Missiles
 u - 5 atropa-tipped darts (quivered)
Armour
 b - a +0 robe (melded)
 f - a +0 pair of boots (melded)
 i - a +0 pair of gloves (melded)
 r - a +0 leather armour
Magical Staves
 p - a staff of cold
Jewellery
 h - a ring of willpower (left branch)
 n - an amulet of guardian spirit (around neck)
 q - a +4 ring of slaying (right branch)
Scrolls
 j - a scroll of immolation {unknown}
 l - 3 scrolls of teleportation {unknown}
 s - a scroll of blinking {unknown}
 t - a scroll of acquirement {unknown}
 w - 2 scrolls of noise {unknown}
Potions
 c - 2 potions of invisibility
 e - 2 potions of flight
 g - 3 potions of curing {unknown}
 k - a potion of mutation {unknown}
 m - a potion of brilliance {unknown}
 o - a potion of resistance {unknown}
 v - a potion of haste {unknown}


   Skills:
 + Level 1.2 Fighting
 + Level 1.9 Short Blades
 + Level 2.7 Dodging
 + Level 5.0 Stealth
 + Level 2.4 Spellcasting
 + Level 4.9 Hexes


You had one spell level left.
You knew the following spells:

 Your Spells              Type           Power      Damage    Failure   Level
a - Ensorcelled Hibernat  Hex/Ice        22%        N/A       9%          2
b - Confusing Touch       Hex            20%        N/A       6%          3

Your spell library contained the following spells:

 Spells                   Type           Power      Damage    Failure   Level
 Magic Dart               Conj           8%         1d3       16%         1
 Tukima's Dance           Hex            20%        N/A       6%          3
 Dazzling Flash           Conj/Hex       22%        N/A       19%         3
 Searing Ray              Conj           4%         2d4       24%         2
 Gell's Gravitas          Tloc           2%         N/A       43%         3
 Lesser Beckoning         Tloc           4%         N/A       43%         3
 Spider Form              Tmut/Pois      2%         N/A       43%         3
 Teleport Other           Tloc           2%         N/A       43%         3
 Anguish                  Hex/Necr       5%         N/A       52%         4
 Fulminant Prism          Conj/Hex       5%         3d7       52%         4
 Iskenderun's Mystic Bla  Conj/Tloc      2%         2d3       85%         4
 Starburst                Conj/Fire      1%         6d3       100%        6


Dungeon Overview and Level Annotations

Branches:
Dungeon (3/15)

Altars:
Qazlal

Annotations:
D:3 3 runed translucent doors, Atlas's ghost, amateur DsFE; Ijyb


Innate Abilities, Weirdness & Mutations

You are a tree.
Your roots penetrate the ground, keeping you stationary.
You cannot be teleported.
You are immune to unholy pain and torment.
Your maximum health is greatly increased.
Your equipment is partially melded.
Your natural rate of healing is accelerated.
((You have razor-sharp teeth.))
You have supernaturally acute eyesight. (SInv)
You are afflicted with vampirism and can become a bat while bloodless.


Message History

You are poisoned.
You hit Ijyb. Your bite misses Ijyb.
Ijyb is severely wounded.
You feel sick. Ijyb barely misses you.
Casting: Confusing Touch (quite dangerous; 6% risk of failure)
Confirm with . or Enter, or press ? or * to list all spells.
The spell is quite dangerous to miscast (6% risk of failure)!
Continue anyway?
Your hands begin to glow red.
You feel sick.
Ijyb zaps a wand.
The puff of flame hits you.
You hit Ijyb but do no damage. You bite Ijyb.
Ijyb is almost dead.
Ijyb hits you with a +2 dagger of venom.
You are more poisoned.
You hit Ijyb but do no damage. You bite Ijyb.
Ijyb is almost dead.
You feel sick.
Ijyb hits you with a +2 dagger of venom.
You closely miss Ijyb.
Ijyb is almost dead.
You feel sick.
Ijyb zaps a wand.
The puff of flame misses you.
You closely miss Ijyb.
Ijyb is almost dead.
You feel sick.
Ijyb hits you with a +2 dagger of venom.
* * * LOW HITPOINT WARNING * * *
You are lethally poisoned!
You hit Ijyb but do no damage.
Ijyb is almost dead.
* * * LOW HITPOINT WARNING * * *
You feel very sick.
Ijyb zaps a wand.
The puff of flame misses you.
It was a potion of lignification.
You turn into a tree.
Your +0 pair of gloves melds into your body.
Your +0 pair of boots melds into your body.
Your +0 robe melds into your body.
Your roots penetrate the ground.
* * * LOW HITPOINT WARNING * * *
You feel sick. Ijyb hits you but does no damage.
You are more poisoned.
It was a potion of flight.
Your roots keep you in place.
You die...

#..+......>##.....##
#..#...#...#.......#
#..........#.......#
#.########.#.......# #.#
#.##.....## #.# #####'###...##
#.# ##.......##'#######+######
#.# #........g..........).....
###.###........♣................
#..†..'.........................
#######........##'#######'######
#......###...## ...
#......##.....## .....
#......#.......#...S...
#......#.......#.......#
#......#.......#...$.g.#
#......##.....###.....##


You could see Ijyb.

Vanquished Creatures
  2 worms
  3 ball pythons
  4 endoplasms
  3 giant cockroaches (D:2)
  12 goblins
  8 hobgoblins
  2 jackals (D:1)
  4 kobolds
  A quokka (D:1)
  5 bats
  A frilled lizard (D:2)
  5 rats
  2 fungi (D:3)
  2 plants (D:3)
54 creatures vanquished.

Notes
Turn   | Place    | Note
-------+----------+-------------------------------------------
     0 | D:1      | koil the Vampire Enchanter began the quest for the Orb.
     0 | D:1      | Reached XP level 1. HP: 13/13 MP: 3/3
   252 | D:1      | Reached XP level 2. HP: 19/19 MP: 5/5
   255 | D:1      | Learned a level 2 spell: Ensorcelled Hibernation
   988 | D:2      | Found a stormy altar of Qazlal.
  1025 | D:2      | Reached skill level 1 in Fighting
  1025 | D:2      | Gained mutation: You are afflicted with vampirism and can
                  | become a bat while bloodless. [Vampire growth]
  1025 | D:2      | Reached XP level 3. HP: 26/26 MP: 6/6
  1040 | D:2      | Learned a level 3 spell: Confusing Touch
  1731 | D:3      | Found a runed translucent gate.
  1731 | D:3      | Found a runed translucent gate.
  1731 | D:3      | Found a runed translucent gate.
  1734 | D:3      | Noticed Atlas's ghost (amateur DsFE)
  1734 | D:3      | Noticed a kobold brigand
  1964 | D:3      | Reached skill level 5 in Stealth
  2073 | D:3      | Noticed Ijyb
  2113 | D:3      | HP: 5/26 [Ijyb/+2 dagger of venom (2)]
  2116 | D:3      | Succumbed to Ijyb's poison

Illustrated notes

Levels and vault maps discovered:
D:1:      psy_arrival_conway, layout_loops_ring, minmay_tromino_i4
D:2:      layout_basic, basic_altar, chequers_arboretum
D:3:      kennysheep_six_static_rooms, layout_basic,
          gammafunk_ghost_nasty_kobolds, serial_bayou_lagoon_b, uniq_ijyb

Skill      XL: |  1  2  3 |
---------------+----------+-----
Fighting       | 1 |  1.2
Stealth        | 5 |  5.0
Short Blades   | |  1.9
Dodging        | |  2.7
Spellcasting   | |  2.4
Hexes          | |  4.9

Action                   || total
-------------------------++-------
Melee: Dagger            ||   126
       Bite              ||    12
       Punch             ||     1
 Cast: Confusing Touch   ||     2
  Use: Potion            ||     2
 Stab: Sleeping          ||    17
       Confused          ||     1
Armor: Robe              ||    22
       Skin              ||     1
Dodge: Dodged            ||    51

Table legend: (Time is in decaauts)
 A = Elapsed time spent in this place.
 B = Non-inter-level travel time spent in this place.
 C = Inter-level travel time spent in this place.
 D = Time resting spent in this place.
 E = Time spent auto-exploring this place.
 F = Levels seen in this place.
 G = Mean time per level.
                   A        B        C        D        E       F      G
               +--------+--------+--------+--------+--------+-----+--------+
         Total |   2109 |   2006 |    103 |      0 |   1547 |   3 |  703.0 |
       Dungeon |   2109 |   2006 |    103 |      0 |   1547 |   3 |  703.0 |
               +--------+--------+--------+--------+--------+-----+--------+

Top non-repeatable levels by time:
     D:1: 988 daAuts
     D:2: 711 daAuts
     D:3: 410 daAuts
